Match 45195433
Unlisted

Match 45195433
End
Construct Section Command Post
Vickers Machine Gun Team
Infantry Section
ML 3-inch Mortar Team
Grenade Package
Construct Field Infirmary
Construct Platoon Command Post
Selects Indian Artillery Battlegroup
Selects War Cry
Selects Gurkha Rifles Section
Gurkha Rifles Section
Team Weapon Training
CMP 15cwt Truck
War Cry
KingNothing
SteveMcQueef
Zamalek ✪
Noch
Be Frabjous
water
Boat Goes Binted
Hirys it's Irys
0
0

Comments sign in to comment!

No comments posted yet!